 Dungeon Crawl Stone Soup version 0.30.1-11-g7821555f0a (webtiles) character file.

Game seed: 9925469186631429461

133 porpoise the Firebug (level 4, -1/33 HPs)
             Began as a Draconian Fire Elementalist on Dec 8, 2023.
             Killed from afar by an orc wizard (3 damage)
             ... with a puff of flame
             ... on level 3 of the Dungeon.
             The game lasted 00:13:06 (4833 turns).

porpoise the Firebug (Draconian Fire Elementalist)  Turns: 4833, Time: 00:13:08

Health: -1/33      AC:  5    Str:  9 (11) XL:     4   Next: 94%
Magic:  3/8        EV: 12    Int: 15 (17) God:
Gold:   80         SH:  0    Dex:  9 (11) Spells: 6/9 levels left

rFire   + . .        a - +0 short sword
rCold   + . .        (no shield)
rNeg    . . .        (body armour unavailable)
rPois   .            (helmet restricted)
rElec   .            f - scarf {rC+ rF+}
rCorr   +            (no gloves)
SInv    .            (no boots)
Will    .....        j - amulet of the acrobat
Stlth   ++           i - ring of resist corrosion
HPRegen 1.05/turn    (no ring)
MPRegen 0.11/turn

%: acrobat, clarity
@: no status effects
A: AC +5, unfitting armour, cold-blooded, clarity, regeneration 1, wild magic 1,
no potion heal 1
a: no special abilities


You were on level 3 of the Dungeon.
You visited 1 branch of the dungeon, and saw 3 of its levels.

You collected 80 gold pieces.

Inventory:

Hand Weapons
 a - a +0 short sword (weapon)
Missiles
 k - 2 boomerangs
Armour
 f - a scarf of resistance (worn)
Jewellery
 i - a ring of resist corrosion (left hand)
 j - an amulet of the acrobat (around neck)
Scrolls
 d - a scroll of enchant weapon
 e - a scroll of fog
Potions
 h - 2 potions of magic


   Skills:
 - Level 1.7 Dodging
 - Level 1.7 Stealth
 + Level 3.2 Spellcasting
 + Level 2.8 Conjurations
 + Level 4.0 Fire Magic


You had 6 spell levels left.
You knew the following spells:

 Your Spells              Type           Power      Damage    Failure   Level
a - Foxfire               Conj/Fire      64%        2x1d7     8%          1
b - Scorch                Fire           38%        2d7       9%          2

Your spell library contained the following spells:

 Spells                   Type           Power      Damage    Failure   Level
 Magic Dart               Conj           56%        1d5       10%         1
 Inner Flame              Hex/Fire       11%        N/A       34%         3
 Volatile Blastmotes      Fire/Tloc      22%        2d11      34%         3
 Call Imp                 Summ           6%         N/A       38%         2
 Mephitic Cloud           Conj/Pois/Air  6%         N/A       47%         3
 Flame Wave               Conj/Fire      16%        2d7       52%         4
 Portal Projectile        Hex/Tloc       6%         N/A       61%         3
 Tukima's Dance           Hex            3%         N/A       61%         3
 Blade Hands              Tmut           1%         N/A       100%        5


Dungeon Overview and Level Annotations

Branches:
Dungeon (3/15)

Altars:
Xom

Annotations:
D:3 Ijyb, Robin


Innate Abilities, Weirdness & Mutations

Your plain brown scales are hard. (AC +5)
You cannot fit into any form of body armour.
You are cold-blooded and may be slowed by cold attacks.
You possess an exceptional clarity of mind.
Your natural rate of healing is unusually fast.
Your spells are a little harder to cast, but a little more powerful.
Potions are less effective at restoring your health.


Message History

Something hits you.
You barely miss something.
Your tail-slap misses something.
You hear some strange, mumbled words. x2
A magic dart appears from out of thin air!
The magic dart hits you!
You hear some strange, mumbled words.
Something tries to affect you, but you resist.
You hit something. You tail-slap something.
You hear some strange, mumbled words.
A magic dart appears from out of thin air!
The magic dart hits you!
* * * LOW HITPOINT WARNING * * *
Something hits you.
* * * LOW HITPOINT WARNING * * *
You aren't carrying any items that you can evoke.
Unknown command.
Unknown command.
There's nothing to close nearby.
Unknown command.
Unknown command.
Okay, then.
You aren't carrying any items that you can evoke.
Unknown command.
Your system partially rejects the healing.
You feel better. Something hits you but does no damage. Something hits you.
* * * LOW HITPOINT WARNING * * *
You barely miss something. Something hits you.
* * * LOW HITPOINT WARNING * * *
Something hits you but does no damage.
You closely miss something. Something hits you.
* * * LOW HITPOINT WARNING * * *
Something hits you but does no damage.
You miss something.
Your tail-slap misses something.
An orc wizard appears from thin air!
Reactivating autopickup.
You hear some strange, mumbled words.
A puff of flame appears from out of thin air!
Deactivating autopickup; reactivate with Ctrl-A.
The puff of flame hits you. You resist.
You die...

.. # ##..
#8...8## #..
##.....## #..
8.....8 #.#
#.....# #o#
8...8 #.# ##g##
#o##############
#@{........##.#
##########....#
#.#### #.# #.#
#.# #.# #.#
#.#######


You could see an orc wizard and an orc.

Vanquished Creatures
  An orc priest (D:3)
  An adder (D:2)
  2 worms (D:2)
  4 dart slugs
  8 orcs
  5 bats
  3 endoplasms
  A giant cockroach (D:2)
  10 goblins
  7 hobgoblins
  4 jackals (D:2)
  6 kobolds
  3 quokkas
  6 ball pythons
  2 frilled lizards
  3 rats
66 creatures vanquished.

Vanquished Creatures (others)
  123 foxfires
123 creatures vanquished.

Grand Total: 189 creatures vanquished

Notes
Turn   | Place    | Note
-------+----------+-------------------------------------------
     0 | D:1      | porpoise the Draconian Fire Elementalist began the quest
                  | for the Orb.
     0 | D:1      | Reached XP level 1. HP: 14/14 MP: 3/3
   157 | D:1      | Reached XP level 2. HP: 20/20 MP: 0/5
   322 | D:1      | Learned a level 2 spell: Scorch
  1671 | D:2      | Reached XP level 3. HP: 26/26 MP: 0/6
  3255 | D:3      | Reached XP level 4. HP: 13/33 MP: 8/8
  4100 | D:3      | Reached skill level 4 in Fire Magic
  4182 | D:3      | Noticed Robin
  4213 | D:3      | Gained mutation: Potions are less effective at restoring
                  | your health. [potion of mutation]
  4213 | D:3      | Gained mutation: Your spells are a little harder to cast,
                  | but a little more powerful. [potion of mutation]
  4213 | D:3      | Gained mutation: You possess an exceptional clarity of
                  | mind. [potion of mutation]
  4213 | D:3      | Gained mutation: Your natural rate of healing is unusually
                  | fast. [potion of mutation]
  4213 | D:3      | HP: 1/33 [goblin/+0 dagger[Robin] (2)]
  4791 | D:3      | Found a shimmering altar of Xom.
  4791 | D:3      | Noticed Ijyb
  4831 | D:3      | HP: 1/33 [something (4)]
  4833 | D:3      | Killed from afar by an orc wizard

Illustrated notes

Levels and vault maps discovered:
D:1:      scummos_arrival_checkerplants, layout_loops_ring, serial_forest,
          infiniplex_forest_lined_1, infiniplex_forest_lined_3_way,
          infiniplex_forest_lined_3_way, infiniplex_forest_lined_3,
          infiniplex_forest_clump_double, infiniplex_forest_clump_small,
          infiniplex_forest_diagonal, infiniplex_forest_lined_room_2
D:2:      layout_loops_ring
D:3:      layout_basic, nicolae_overflow_hidden_temple, serial_rivers,
          chequers_serial_rivers_micro_b, chequers_serial_rivers_marsh,
          chequers_serial_rivers_marsh, chequers_serial_rivers_micro_d,
          uniq_sigmund, uniq_robin, uniq_ijyb

Skill      XL: |  1  2  3  4 |
---------------+-------------+-----
Conjurations   | 2 |  2.8
Spellcasting   | 3 |  3.2
Fire Magic     | 4 |  4.0
Dodging        | |  1.7
Stealth        | |  1.7

Action                     |  1- 3 |  4- 6 || total
---------------------------+-------+-------++-------
  Melee: Unarmed           |    61 |       ||    61
         Tailslap          |    16 |     3 ||    19
         Punch             |     1 |     1 ||     2
         Short sword       |    25 |    43 ||    68
   Cast: Foxfire           |    54 |    28 ||    82
         Scorch            |     5 |     1 ||     6
    Use: Scroll            |     4 |     1 ||     5
         Potion            |       |     6 ||     6
   Stab: Sleeping          |     1 |       ||     1
 Armour: Skin              |    36 |    23 ||    59
  Dodge: Dodged            |    80 |    39 ||   119
